 Dungeon Crawl Stone Soup version 0.29.1-15-g9cfb28693d (webtiles) character file.

Game seed: 7478548864179783602

2 leafyfresh the Sneak (level 1, -1/16 HPs)
             Began as an Octopode Delver on Mar 4, 2023.
             Slain by an orc priest
             ... wielding a +0 flail
              (2 damage)
             ... on level 5 of the Dungeon.
             The game lasted 00:00:05 (44 turns).

leafyfresh the Sneak (Octopode Delver)                Turns: 44, Time: 00:00:06

Health: -1/16      AC:  1    Str: 11    XL:     1   Next: 30%
Magic:  1/1        EV: 13    Int: 12    God:
Gold:   7          SH:  0    Dex: 13    Spells: 0/0 levels left

rFire   . . .      SeeInvis .   a - +0 short sword
rCold   . . .      Faith    .   (no shield)
rNeg    . . .      Spirit   .   (helmet restricted)
rPois   .          Reflect  .   (no amulet)
rElec   .          Harm     .   (no ring)
rCorr   .          Rampage  .   (no ring)
Will    .....                   (no ring)
Stlth   ++++......              (no ring)
HPRegen 0.05/turn               (no ring)
MPRegen 0.07/turn               (no ring)
                                (no ring)
                                (no ring)

@: no status effects
A: almost no armour, amphibious, 8 rings, camouflage 1, gelatinous body 1,
(nimble swimmer 1), tentacles
a: no special abilities


You were on level 5 of the Dungeon.
You visited 1 branch of the dungeon, and saw 1 of its levels.

You collected 7 gold pieces.

Inventory:

Hand Weapons
 a - a +0 short sword (weapon)
Wands
 f - a wand of digging (3)
Scrolls
 b - a scroll of fog
 c - a scroll of magic mapping
 d - a scroll of fear
Potions
 e - a potion of haste


   Skills:
 + Level 3.0 Fighting
 - Level 2.0 Short Blades
 + Level 2.0 Dodging
 + Level 6.6 Stealth


You couldn't memorise any spells.
You didn't know any spells.
Your spell library was empty.

Dungeon Overview and Level Annotations

Branches:
Dungeon (5/15)
 Temple: D:4-7

Altars:


Innate Abilities, Weirdness & Mutations

You cannot wear most types of armour.
You are amphibious.
You can wear up to eight rings at the same time.
Your skin changes colour to match your surroundings (Stealth+).
Your rubbery body absorbs attacks. (AC +1, EV +1)
((You are camouflaged when in or above water. (Stealth+)))
You have tentacles for arms and can constrict up to eight enemies at once.


Message History

Welcome, leafyfresh the Octopode Delver.
Will you be the one to retrieve the sublime Orb of Zot from the depths?
Press ? for a list of commands and other information.
Found a stone staircase leading down.
There is a stone staircase leading down here.
You now have 7 gold pieces.
An orc wizard, an orc and an orc priest come into view.
The orc wizard moves out of view.
The orc shouts!
The orc barely misses you.
You hear a shout!
You closely miss the orc.
The orc priest shouts!
You grab the orc. You constrict the orc.
There are monsters nearby!
You barely miss the orc.
The orc is lightly wounded.
You constrict the orc. The orc barely misses you.
There are monsters nearby!
You hit the orc but do no damage.
The orc is heavily wounded.
You constrict the orc. The orc hits you with a +0 club.
You hit the orc.
You kill the orc!
The orc priest mumbles some strange prayers to Beogh against you.
Pain shoots through your body!
Ouch! That really hurt!
Unknown command.
You completely miss the orc wizard. Your grab misses the orc wizard.
The orc wizard hits you with a +0 short sword.
* * * LOW HITPOINT WARNING * * *
Unknown command.
You closely miss the orc wizard. Your grab misses the orc wizard.
The orc priest hits you with a +0 flail.
You die...

#...####.#.#####.#
#..........# #.##
#.#.#.###.#.# #...
###.##.##.##...#
#.## ...
...#.####.# #.#
###.##.##.# #..
..# #.#.#.## ###
#### #o..## ##@##
#o# #.# #.# #.#
..# ###


You could see an orc priest and an orc wizard.

Vanquished Creatures
  An orc (D:5)
1 creature vanquished.

Notes
Turn   | Place    | Note
-------+----------+-------------------------------------------
     0 | D:5      | leafyfresh the Octopode Delver began the quest for the Orb.
     0 | D:5      | Reached XP level 1. HP: 16/16 MP: 1/1
    37 | D:5      | Noticed an orc wizard
    37 | D:5      | Noticed an orc priest
    44 | D:5      | Slain by an orc priest

Illustrated notes

Levels and vault maps discovered:
D:5:      layout_loops_ring, grunt_temple_overflow_open

Action                   || total
-------------------------++-------
Melee: Short sword       ||     6
       Constrict         ||     1
Dodge: Dodged            ||     2
